Map: Bel'Shir Vestige LE (Void)

Players

MaNa - Winner!

  • Race: Protoss Protoss
  • Spawn Location: 11:00

Guru

  • Race: Zerg Zerg
  • Spawn Location: 5:00

Event: IEM XI Katowice - World Championship 2017

VOD

Have the link to the VOD?

Description

Time

  • Played on: Feb. 28, 2017, 1:24 p.m.
  • Length: 8:21

All games in this series

Show
View Real Time Build Order
Export as new Build Order

MaNa Protoss - Winner!

Build Orders: 1 Gate Expand, Zealot Archon, Dark Templar Rush 

Get SALT Encoding   

  12  0:00  Probe (Chrono Boost)  
  13  0:11  Probe (Chrono Boost)  
  14  0:19  Pylon  
  14  0:21  Probe (Chrono Boost)  
  15  0:38  Probe (Chrono Boost)  
  15  0:40  Gateway  
  16  0:48  Probe (Chrono Boost)  
  16  0:49  Assimilator  
  17  0:59  Probe (Chrono Boost)  
  18  1:09  Probe (Chrono Boost)  
  19  1:20  Probe (Chrono Boost)  
  20  1:28  Nexus  
  20  1:34  Cybernetics Core  
  20  1:37  Probe (Chrono Boost)  
  21  1:42  Assimilator  
  21  1:47  Probe (Chrono Boost)  
  21  1:52  Pylon  
  22  1:58  Probe (Chrono Boost)  
  23  2:10  Warp Gate, Adept, Probe (Chrono Boost)  
  26  2:22  Mothership Core (Chrono Boost)  
  28  2:40  Twilight Council  
  28  2:41  Probe x2 (Chrono Boost)  
  30  2:51  Probe (Chrono Boost)  
  30  2:52  Probe (Chrono Boost)  
  32  2:59  Robotics Facility  
  32  3:02  Probe x2 (Chrono Boost)  
  35  3:13  Probe x2 (Chrono Boost)  
  36  3:23  Probe x2 (Chrono Boost)  
  38  3:27  Dark Shrine  
  38  3:34  Probe x2 (Chrono Boost)  
  40  3:38  Gateway  
  40  3:40  Warp Prism  
  40  3:41  Assimilator  
  40  3:42  Gateway  
  40  3:44  Probe (Chrono Boost)  
  40  3:46  Probe (Chrono Boost)  
  44  3:55  Resonating Glaives  
  44  3:56  Assimilator  
  44  3:57  Probe (Chrono Boost), Gateway  
  44  3:59  Probe (Chrono Boost)  
  46  4:03  Pylon  
  46  4:17  Pylon  
  46  4:21  Probe (Chrono Boost)  
  46  4:23  Probe (Chrono Boost)  
  48  4:32  Nexus, Probe (Chrono Boost)  
  48  4:35  Probe (Chrono Boost)  
  48  4:37  Pylon  
  50  4:47  Dark Templar x2  
  50  4:52  Probe (Chrono Boost)  
  56  4:54  Probe (Chrono Boost)  
  56  4:58  Dark Templar x2  
  60  5:00  Pylon  
  60  5:06  Archon  
  60  5:10  Archon  
  60  5:11  Warp Prism  
  62  5:21  Adept x2  
  64  5:23  Probe (Chrono Boost)  
  64  5:24  Probe (Chrono Boost)  
  64  5:28  Gateway  
  68  5:34  Probe (Chrono Boost)  
  70  5:36  Probe (Chrono Boost)  
  70  5:41  Adept x4  
  78  5:46  Adept x2  
  78  5:47  Probe (Chrono Boost)  
  78  5:49  Probe (Chrono Boost)  
  81  6:00  Gateway  
  81  6:02  Sentry x2  
  83  6:08  Dark Templar x2  
  68  6:35  Probe (Chrono Boost)  
  68  6:36  Probe (Chrono Boost)  
  70  6:41  Adept  
  70  6:42  Adept x4  
  80  6:49  Probe (Chrono Boost)  
  80  6:50  Probe (Chrono Boost)  
  80  6:51  Probe (Chrono Boost)  
  79  6:55  Gateway  
  79  6:59  Probe (Chrono Boost)  
  79  7:02  Probe (Chrono Boost)  
  79  7:04  Adept x2  
  79  7:06  Adept  
  85  7:12  Adept x2  
  89  7:17  Probe x2 (Chrono Boost)  
  73  7:38  Probe x2 (Chrono Boost)  
  73  7:43  Probe (Chrono Boost)  
  72  7:45  Robotics Facility  
  72  7:47  Adept x2  
  72  7:48  Adept x3, Probe x2 (Chrono Boost)  
  84  7:51  Robotics Facility  
  84  7:57  Pylon  
  84  7:58  Probe (Chrono Boost)  
  85  7:59  Probe (Chrono Boost)  
  84  8:10  Probe x2 (Chrono Boost)  
  80  8:15  Adept x3  
  80  8:16  Adept x3  
Show
View Real Time Build Order
Export as new Build Order

Guru Zerg 

Build Orders: Hatch First 

Get SALT Encoding   

  12  0:01  Drone  
  13  0:13  Overlord  
  13  0:17  Drone  
  14  0:31  Drone  
  15  0:47  Hatchery  
  15  0:48  Drone  
  15  0:52  Drone  
  16  1:00  Drone  
  17  1:10  Spawning Pool  
  16  1:14  Extractor  
  16  1:15  Drone  
  16  1:19  Drone  
  16  1:22  Drone  
  18  1:32  Drone  
  19  1:53  Overlord  
  19  1:56  Queen  
  19  1:57  Zergling x2  
  19  1:58  Queen  
  19  1:59  Drone  
  25  2:06  Drone  
  26  2:10  Drone  
  26  2:14  Drone  
  26  2:15  Metabolic Boost  
  28  2:22  Drone  
  29  2:26  Drone  
  30  2:38  Hatchery  
  30  2:43  Drone  
  30  2:44  Drone  
  31  2:46  Zergling x2  
  31  2:49  Overlord  
  32  2:55  Overlord  
  32  3:04  Evolution Chamber  
  31  3:07  Drone x3  
  31  3:08  Drone  
  31  3:12  Spore Crawler  
  34  3:16  Drone x2  
  34  3:17  Drone  
  34  3:18  Drone  
  38  3:22  Drone  
  39  3:31  Zerg Melee Weapons Level 1  
  39  3:35  Queen  
  39  3:38  Drone x2  
  43  3:43  Drone x3  
  43  3:44  Drone  
  47  3:49  Overlord  
  47  3:51  Drone x2  
  47  3:52  Drone  
  47  3:54  Drone  
  51  3:59  Queen  
  53  4:08  Zergling x10  
  58  4:10  Spore Crawler  
  58  4:12  Spore Crawler  
  56  4:17  Spore Crawler, Zergling x4  
  56  4:19  Zergling x2  
  56  4:24  Drone  
  59  4:25  Drone  
  59  4:26  Drone  
  59  4:27  Overlord  
  59  4:28  Zergling x4  
  59  4:30  Zergling x2  
  64  4:31  Zergling x2  
  64  4:38  Overlord, Baneling Nest  
  64  4:40  Zergling x2  
  64  4:44  Overlord  
  65  4:49  Zergling x6  
  65  4:50  Zergling x4  
  70  4:56  Zergling x2  
  70  4:58  Zergling x6  
  74  5:01  Drone  
  74  5:05  Drone x2  
  74  5:06  Drone  
  78  5:10  Drone x2  
  78  5:11  Hatchery, Drone  
  78  5:14  Overlord  
  80  5:18  Queen  
  80  5:19  Drone  
  83  5:22  Drone  
  83  5:25  Zergling x2  
  85  5:33  Drone  
  85  5:34  Zergling x2  
  85  5:37  Zergling x8  
  85  5:39  Baneling  
  85  5:40  Baneling x7  
  85  5:41  Baneling x2  
  89  5:44  Zergling x4  
  89  5:46  Zergling x6  
  89  5:48  Zergling x2  
  94  5:52  Overlord  
  94  5:54  Drone  
  94  5:56  Overlord  
  95  5:57  Roach Warren  
  89  6:05  Zergling x2  
  89  6:06  Zergling x4  
  89  6:08  Zergling x6  
  91  6:13  Zergling x2  
  91  6:15  Spore Crawler, Zergling x4  
  91  6:17  Zergling x2  
  91  6:19  Overlord  
  91  6:20  Spore Crawler  
  91  6:24  Overlord  
  75  6:27  Zergling x2  
  75  6:32  Zergling x2  
  63  6:34  Queen  
  63  6:38  Zergling x6  
  63  6:39  Zergling x2  
  67  6:44  Queen  
  67  6:45  Zergling x4  
  67  6:46  Zergling x12  
  72  6:52  Roach  
  72  6:53  Roach x2  
  73  6:59  Spore Crawler  
  70  7:01  Roach  
  70  7:06  Roach  
  70  7:08  Roach  
  70  7:14  Zergling x6  
  64  7:17  Drone  
  61  7:24  Drone x2  
  61  7:26  Drone  
  61  7:28  Drone  
  58  7:33  Drone x2  
  57  7:40  Drone x4  
  58  7:44  Ravager x3  
  58  7:48  Drone x2  
  63  7:51  Drone  
  63  7:52  Drone x2  
  63  7:54  Drone  
  63  7:56  Zergling x2  
  68  8:03  Drone  
  65  8:11  Extractor  

Tags
 
Add a new tag
Caveats
  • Supply blocks, unpowered buildings, or Contaminate may cause inaccurate times.
  • Supply counts are checked every 10 seconds.